[ AOE2 MATCH · #507301292 ]
UnrankedKhitans vs Malay
Player's team · LOSS
Rival team · WIN
[ REPLAY ANALYSIS · EXTRACTED FROM THE RECORDED GAME ]
Feudal
8:52
Castle
22:16
Imperial
—
| APM avg | 47.2 |
| APM peak | 69 |
| eAPM avg | 20.8 |
| Villagers / military | 50 / 32 |
Focus
⚔️ 35.6% · 🌾 64.4%
Scout Cavalry ×28 · Steppe Lancer ×4
Feudal
12:03
Castle
19:03
Imperial
—
| APM avg | 72.9 |
| APM peak | 118 |
| eAPM avg | 38.0 |
| Villagers / military | 80 / 86 |
Focus
⚔️ 64.8% · 🌾 35.2%
Archer ×65 · Spearman ×18 · Militia ×3
Match map
Initial resources + every placement click. Lines = walls · curves = elevation contours. ◆ gold · ⬟ stone · ● berries · ✦ relic · ◌ wall gap
Your base· ✓ Closed at 22:16 · 28t walls · no gate
Learning's base· Open — opponent sealed themselves in
Smoothed initial terrain · ◌ = detected wall gap · hover for details
Inputs per minute
— 巨大豚 - - Learning
Build order — 巨大豚
First 150 of 153 actions detected
| 0:02 | Create | Villager (Male) |
| 0:04 | Build | House |
| 0:06 | Build | House |
| 0:10 | Create | Villager (Male) |
| 0:16 | Create | Villager (Male) |
| 0:32 | Create | Villager (Male) |
| 0:32 | Create | Villager (Male) |
| 1:30 | Create | Villager (Male) |
| 1:30 | Create | Villager (Male) |
| 1:55 | Create | Villager (Male) |
| 2:14 | Create | Villager (Male) |
| 2:41 | Build | Lumber Camp |
| 2:46 | Create | Villager (Male) |
| 3:07 | Create | Villager (Male) |
| 3:29 | Create | Villager (Male) |
| 3:42 | Build | House |
| 3:47 | Create | Villager (Male) |
| 4:15 | Create | Villager (Male) |
| 4:25 | Create | Villager (Male) |
| 4:47 | Create | Villager (Male) |
| 5:32 | Create | Villager (Male) |
| 5:44 | Build | Mill |
| 5:53 | Create | Villager (Male) |
| 6:05 | Create | Villager (Male) |
| 6:17 | Research | Loom |
| 6:40 | Research | Feudal Age |
| 6:40 | Research | Feudal Age |
| 7:27 | Create | Villager (Male) |
| 7:46 | Build | Barracks |
| 8:02 | Create | Villager (Male) |
| 8:41 | Build | House |
| 8:51 | Build | Palisade Wall |
| 8:52 | Age | Feudal Age |
| 8:57 | Build | Palisade Wall |
| 9:03 | Build | Palisade Wall |
| 9:05 | Build | Palisade Wall |
| 9:07 | Build | Palisade Wall |
| 9:12 | Build | Stable |
| 9:14 | Create | Villager (Male) |
| 9:47 | Create | Villager (Male) |
| 10:05 | Build | Palisade Wall |
| 10:07 | Build | Palisade Wall |
| 10:09 | Build | Palisade Wall |
| 10:14 | Build | Pasture |
| 10:22 | Create | Scout Cavalry |
| 10:27 | Create | Villager (Male) |
| 10:38 | Build | House |
| 10:46 | Create | Scout Cavalry |
| 10:48 | Create | Villager (Male) |
| 10:58 | Build | Pasture |
| 11:14 | Create | Scout Cavalry |
| 11:39 | Create | Villager (Male) |
| 11:57 | Create | Scout Cavalry |
| 12:00 | Build | Pasture |
| 12:11 | Build | Pasture |
| 12:14 | Build | Pasture |
| 12:27 | Create | Villager (Male) |
| 12:34 | Build | Pasture |
| 12:38 | Create | Villager (Male) |
| 12:50 | Build | House |
| 12:51 | Build | House |
| 12:56 | Create | Scout Cavalry |
| 13:13 | Create | Villager (Male) |
| 13:32 | Create | Scout Cavalry |
| 13:37 | Build | Pasture |
| 13:42 | Create | Villager (Male) |
| 13:51 | Build | House |
| 13:56 | Create | Scout Cavalry |
| 14:08 | Create | Villager (Male) |
| 14:12 | Build | Blacksmith |
| 14:29 | Research | Double-Bit Axe |
| 14:32 | Create | Villager (Male) |
| 14:51 | Create | Villager (Male) |
| 15:06 | Research | Forging |
| 15:11 | Build | Pasture |
| 15:13 | Create | Villager (Male) |
| 15:25 | Build | Pasture |
| 15:28 | Create | Scout Cavalry |
| 15:49 | Create | Villager (Male) |
| 15:50 | Create | Scout Cavalry |
| 15:57 | Build | Pasture |
| 16:03 | Create | Villager (Male) |
| 16:23 | Create | Scout Cavalry |
| 16:26 | Create | Villager (Male) |
| 16:33 | Research | Scale Barding Armor |
| 16:52 | Create | Scout Cavalry |
| 17:01 | Build | Palisade Wall |
| 17:04 | Create | Villager (Male) |
| 17:09 | Build | House |
| 17:10 | Build | House |
| 17:12 | Build | Pasture |
| 17:14 | Build | Pasture |
| 17:18 | Create | Scout Cavalry |
| 17:25 | Build | Palisade Wall |
| 17:26 | Build | Palisade Wall |
| 17:35 | Create | Villager (Male) |
| 17:47 | Create | Villager (Male) |
| 18:04 | Create | Villager (Male) |
| 18:14 | Create | Scout Cavalry |
| 18:16 | Create | Scout Cavalry |
| 18:25 | Build | Market |
| 18:30 | Create | Villager (Male) |
| 18:54 | Build | Mining Camp |
| 19:36 | Research | Castle Age |
| 19:42 | Build | House |
| 19:43 | Build | House |
| 19:43 | Build | Palisade Wall |
| 19:50 | Research | Tech 1014 |
| 20:10 | Build | Watch Tower |
| 20:19 | Build | House |
| 20:20 | Build | House |
| 20:46 | Create | Scout Cavalry |
| 20:50 | Create | Scout Cavalry |
| 21:11 | Build | Palisade Wall |
| 21:15 | Create | Scout Cavalry |
| 21:21 | Create | Scout Cavalry |
| 21:51 | Create | Scout Cavalry |
| 21:57 | Build | Stable |
| 22:16 | Age | Castle Age |
| 22:26 | Research | Light Cavalry (upgrade) |
| 22:35 | Research | Chain Barding Armor |
| 22:49 | Research | Iron Casting |
| 22:51 | Create | Scout Cavalry |
| 22:52 | Create | Villager (Male) |
| 23:13 | Build | Pasture |
| 23:19 | Create | Scout Cavalry |
| 23:30 | Create | Villager (Male) |
| 23:33 | Build | Pasture |
| 24:06 | Create | Villager (Male) |
| 24:16 | Create | Scout Cavalry |
| 24:17 | Create | Scout Cavalry |
| 24:20 | Create | Villager (Male) |
| 24:24 | Build | Pasture |
| 24:27 | Build | Pasture |
| 24:38 | Build | Pasture |
| 24:42 | Create | Scout Cavalry |
| 24:47 | Create | Scout Cavalry |
| 24:56 | Build | Pasture |
| 25:00 | Create | Scout Cavalry |
| 25:21 | Create | Scout Cavalry |
| 25:51 | Create | Scout Cavalry |
| 25:52 | Create | Villager (Male) |
| 26:21 | Create | Steppe Lancer |
| 26:21 | Create | Steppe Lancer |
| 26:25 | Create | Villager (Male) |
| 26:30 | Build | Lumber Camp |
| 26:37 | Build | Siege Workshop |
| 26:42 | Create | Villager (Male) |
| 27:00 | Create | Steppe Lancer |
| 27:00 | Create | Steppe Lancer |
Build order — Learning
First 150 of 246 actions detected
| 0:01 | Create | Villager (Male) ×4 |
| 0:02 | Build | House |
| 0:04 | Build | House |
| 1:23 | Create | Villager (Male) |
| 1:38 | Create | Villager (Male) |
| 2:20 | Create | Villager (Male) |
| 2:50 | Create | Villager (Male) |
| 2:57 | Build | Lumber Camp |
| 3:08 | Create | Villager (Male) |
| 3:32 | Create | Villager (Male) |
| 3:49 | Build | House |
| 3:52 | Create | Villager (Male) |
| 4:20 | Create | Villager (Male) |
| 4:20 | Create | Villager (Male) |
| 4:41 | Create | Villager (Male) |
| 4:55 | Build | Barracks |
| 5:20 | Create | Villager (Male) |
| 5:34 | Build | House |
| 5:45 | Build | House |
| 5:48 | Create | Villager (Male) |
| 5:48 | Create | Villager (Male) |
| 5:48 | Create | Villager (Male) |
| 5:52 | Create | Militia |
| 5:53 | Create | Militia |
| 6:10 | Create | Militia |
| 6:17 | Build | House |
| 6:21 | Create | Villager (Male) |
| 6:36 | Create | Villager (Male) |
| 6:38 | Create | Villager (Male) |
| 6:50 | Build | Palisade Wall |
| 7:40 | Create | Villager (Male) |
| 7:44 | Build | Mill |
| 7:48 | Build | Palisade Wall |
| 7:59 | Create | Villager (Male) |
| 8:16 | Create | Villager (Male) |
| 8:20 | Build | Mining Camp |
| 8:30 | Create | Villager (Male) |
| 9:04 | Create | Villager (Male) |
| 9:17 | Build | House |
| 9:30 | Research | Loom |
| 9:41 | Build | House |
| 10:15 | Create | Villager (Male) |
| 10:22 | Build | Farm |
| 10:24 | Build | Farm |
| 10:26 | Build | Farm |
| 10:27 | Research | Feudal Age |
| 10:34 | Build | Palisade Wall |
| 11:20 | Build | House |
| 11:22 | Build | Palisade Wall |
| 11:56 | Create | Villager (Male) |
| 12:03 | Age | Feudal Age |
| 12:07 | Research | Double-Bit Axe |
| 12:09 | Create | Spearman |
| 12:11 | Research | Horse Collar |
| 12:12 | Create | Villager (Male) |
| 12:23 | Build | Palisade Wall |
| 12:31 | Create | Villager (Male) |
| 12:34 | Create | Spearman |
| 12:53 | Build | Farm |
| 12:54 | Create | Villager (Male) |
| 13:07 | Build | Archery Range |
| 13:13 | Create | Villager (Male) |
| 13:24 | Create | Villager (Male) |
| 13:35 | Build | Farm |
| 13:39 | Build | Farm |
| 13:48 | Create | Villager (Male) |
| 14:01 | Create | Villager (Male) |
| 14:05 | Create | Archer |
| 14:10 | Create | Villager (Male) |
| 14:21 | Build | Lumber Camp |
| 14:26 | Create | Archer |
| 14:28 | Create | Villager (Male) |
| 14:38 | Build | Blacksmith |
| 15:04 | Build | Farm |
| 15:07 | Create | Spearman |
| 15:10 | Create | Villager (Male) |
| 15:15 | Build | Palisade Gate |
| 15:19 | Build | Palisade Gate |
| 15:23 | Build | Farm |
| 15:28 | Create | Villager (Male) |
| 15:43 | Create | Villager (Male) |
| 15:53 | Build | House |
| 15:54 | Build | House |
| 15:57 | Build | House |
| 15:58 | Build | House |
| 16:02 | Build | Farm |
| 16:04 | Build | Farm |
| 16:15 | Build | Farm |
| 16:26 | Create | Archer |
| 16:28 | Build | Farm |
| 16:37 | Create | Spearman |
| 16:39 | Build | House |
| 16:42 | Build | House |
| 16:56 | Create | Villager (Male) |
| 16:59 | Build | Farm |
| 17:00 | Build | Farm |
| 17:01 | Create | Archer |
| 17:07 | Build | Archery Range |
| 17:15 | Build | House |
| 17:16 | Build | House |
| 17:21 | Build | Farm |
| 17:27 | Research | Castle Age |
| 17:41 | Create | Archer |
| 17:52 | Create | Archer |
| 17:53 | Create | Spearman |
| 17:54 | Create | Archer |
| 18:02 | Build | Farm |
| 18:14 | Research | Gold Mining |
| 18:15 | Create | Archer |
| 18:15 | Create | Archer |
| 18:15 | Create | Archer |
| 18:32 | Create | Archer |
| 18:32 | Create | Archer |
| 18:34 | Create | Villager (Male) |
| 18:56 | Create | Archer |
| 18:56 | Create | Archer |
| 18:57 | Create | Archer |
| 18:59 | Create | Spearman |
| 19:03 | Age | Castle Age |
| 19:07 | Research | Fletching |
| 19:07 | Research | Fletching |
| 19:11 | Create | Villager (Male) |
| 19:24 | Build | House |
| 19:33 | Research | Crossbowman (upgrade) |
| 19:44 | Build | Town Center |
| 19:52 | Create | Villager (Male) |
| 19:53 | Create | Villager (Male) |
| 19:56 | Create | Archer ×4 |
| 19:56 | Create | Archer ×4 |
| 20:07 | Create | Villager (Male) |
| 20:12 | Build | Town Center |
| 20:13 | Create | Villager (Male) |
| 20:13 | Create | Villager (Male) |
| 20:17 | Create | Archer |
| 20:44 | Research | Pikeman (upgrade) |
| 20:47 | Create | Archer |
| 20:52 | Create | Villager (Male) |
| 21:02 | Build | Farm |
| 21:02 | Build | Farm |
| 21:02 | Build | Farm |
| 21:02 | Build | Farm |
| 21:03 | Build | Farm |
| 21:08 | Build | Farm |
| 21:10 | Build | Farm |
| 21:15 | Create | Archer |
| 21:15 | Create | Archer |
| 21:15 | Create | Archer |
| 21:15 | Create | Archer |
| 21:17 | Create | Spearman |
| 21:17 | Create | Spearman |
Match timeline
| 4:55 | Learning · first_building Barracks |
| 6:50 | Learning · wall_segment Palisade Wall x7 |
| 7:46 | 巨大豚 · first_building Barracks |
| 7:48 | Learning · wall_segment Palisade Wall x9 |
| 8:51 | 巨大豚 · wall_segment Palisade Wall x1 |
| 8:52 | 巨大豚 · age_up feudal |
| 8:57 | 巨大豚 · wall_segment Palisade Wall x1 |
| 9:03 | 巨大豚 · wall_segment Palisade Wall x1 |
| 9:05 | 巨大豚 · wall_segment Palisade Wall x1 |
| 9:07 | 巨大豚 · wall_segment Palisade Wall x1 |
| 9:12 | 巨大豚 · first_building Stable |
| 10:05 | 巨大豚 · wall_segment Palisade Wall x1 |
| 10:07 | 巨大豚 · wall_segment Palisade Wall x1 |
| 10:09 | 巨大豚 · wall_segment Palisade Wall x1 |
| 10:34 | Learning · wall_segment Palisade Wall x9 |
| 11:22 | Learning · wall_segment Palisade Wall x9 |
| 12:03 | Learning · age_up feudal |
| 12:23 | Learning · wall_segment Palisade Wall x1 |
| 13:07 | Learning · first_building Archery Range |
| 17:01 | 巨大豚 · wall_segment Palisade Wall x7 |
| 17:25 | 巨大豚 · wall_segment Palisade Wall x6 |
| 17:26 | 巨大豚 · wall_segment Palisade Wall x1 |
| 19:03 | Learning · age_up castle |
| 19:32 | 巨大豚 · first_market_sell 100 food |
| 19:43 | 巨大豚 · wall_segment Palisade Wall x1 |
| 21:11 | 巨大豚 · wall_segment Palisade Wall x5 |
| 22:16 | 巨大豚 · age_up castle |
| 23:44 | Learning · wall_segment Palisade Wall x1 |
| 24:26 | Learning · wall_segment Palisade Wall x6 |
| 26:37 | 巨大豚 · first_building Siege Workshop |
| 27:33 | Learning · wall_segment Palisade Wall x1 |
| 27:35 | Learning · wall_segment Palisade Wall x1 |
| 27:36 | Learning · wall_segment Palisade Wall x1 |
| 27:45 | Learning · wall_segment Palisade Wall x1 |
| 27:54 | 巨大豚 · resign |
[ AI ANALYSIS · 1 CREDIT ]
What really happened in this match?
Wolo.gg analyzes every decision: build order, eco, micro, common mistakes by bracket. Personalized analysis on WhatsApp or Discord in 30 seconds.
Civ guide
Khitans
Perfil
Jugador #3075382